 Dungeon Crawl Stone Soup version 0.31-a0-986-g5e6e4ef867 (webtiles) character file.

Game seed: 10238858219421618489

915 Dittersdorf the Shield-Bearer (level 8, -1/51 HPs)
             Began as a Gargoyle Fighter on Nov 3, 2023.
             Killed by divine providence
             ... invoked by an orc priest
              (9 damage)
             ... on level 5 of the Dungeon.
             The game lasted 00:04:19 (4188 turns).

Dittersdorf the Shield-Bearer (Gargoyle Fighter)    Turns: 4188, Time: 00:04:20

Health: -1/51      AC: 14    Str: 23    XL:     8   Next: 9%
Magic:  8/8        EV:  9    Int:  8    God:
Gold:   261        SH:  5    Dex:  9    Spells: 7/7 levels left

rFire   . . .        x - +0 morningstar
rCold   . . .        c - +0 buckler
rNeg    + . .        b - +0 scale mail
rPois   ∞            v - +0 helmet
rElec   +            (no cloak)
rCorr   .            (no gloves)
SInv    .            (no boots)
Will    .....        (no amulet) Stlth
                     (no ring)
HPRegen 0.28/turn    (no ring)
MPRegen 0.11/turn

%: no passive effects
@: no status effects
A: sickness immunity, AC +5, negative energy resistance 1, electricity
resistance, torment resistance 1, petrification resistance
a: no special abilities


You were on level 5 of the Dungeon.
You visited 1 branch of the dungeon, and saw 5 of its levels.

You collected 261 gold pieces.

Inventory:

Hand Weapons
 x - a +0 morningstar (weapon)
Missiles
 u - 4 poisoned darts (quivered)
Armour
 b - a +0 scale mail (worn)
 c - a +0 buckler (worn)
 v - a +0 helmet (worn)
Wands
 w - a wand of flame (23)
Scrolls
 e - a scroll of teleportation {unknown}
 f - a scroll of fog {unknown}
 g - a scroll of fear {unknown}
 i - a scroll of revelation {unknown}
 j - a scroll of vulnerability {unknown}
 k - 2 scrolls of poison
 n - 2 scrolls of acquirement {unknown}
 o - 2 scrolls of torment {unknown}
 p - a scroll of enchant weapon {unknown}
 q - 3 scrolls of identify {unknown}
 r - 3 scrolls of amnesia {unknown}
 s - a scroll of enchant armour {unknown}
Potions
 a - a potion of degeneration {unknown}
 d - a potion of might
 h - 3 potions of enlightenment {unknown}
 l - a potion of attraction {unknown}
 m - 2 potions of curing {unknown}
 t - a potion of lignification {unknown}
 z - a potion of heal wounds {unknown}


   Skills:
 + Level 5.9 Fighting
 + Level 4.8 Maces & Flails
 + Level 5.8 Armour
 + Level 5.9 Shields


You had 7 spell levels left.
You didn't know any spells.
Your spell library contained the following spells:

 Spells                   Type           Power      Damage    Failure   Level
 Dazzling Flash           Conj/Hex       0%         N/A       98%         3
 Agony                    Necr           0%         N/A       100%        5
 Silence                  Hex/Air        0%         N/A       100%        5


Dungeon Overview and Level Annotations

Branches:
Dungeon (5/15)
 Temple: D:4-7

Altars:
Dithmenos
Elyvilon
Kikubaaqudgha
Xom

Shops:
D:5 *

Annotations:
D:2 1 runed translucent door, Crazy Yiuf
D:4 2 transporters, Arex's ghost, novice GrFi


Innate Abilities, Weirdness & Mutations

You are immune to sickness and miasma.
Your stone body is resilient. (AC +5)
You are immune to poison.
You resist negative energy. (rN+)
You are resistant to electric shocks. (rElec)
You are resistant to unholy torment.
You are immune to petrification.


Message History

An orc comes into view.
It is wielding a +0 club and quivering poisoned darts.
The orc shouts!
You see here an adder corpse.
You barely miss the orc. The orc barely misses you.
You sock the orc!
You kill the orc!
An orc priest comes into view. It is wielding a +0 flail.
The orc priest mumbles some strange prayers to Beogh against you.
Beogh smites you!
Things that are here:
a +0 club; 5 poisoned darts; an orc corpse You are too injured to fight recklessly!
You are too injured to fight recklessly!
You are too injured to fight recklessly!
You are too injured to fight recklessly!
You are too injured to fight recklessly!
You are too injured to fight recklessly!
You are too injured to fight recklessly!
You are too injured to fight recklessly!
You are too injured to fight recklessly!
You are too injured to fight recklessly!
You are too injured to fight recklessly!
You are too injured to fight recklessly!
You are too injured to fight recklessly!
You are too injured to fight recklessly!
You are too injured to fight recklessly!
You are too injured to fight recklessly!
You are too injured to fight recklessly!
The orc priest casts a cantrip, but nothing happens.
The orc priest calls down the wrath of Beogh upon you.
Pain shoots through your body!
You barely miss the orc priest. The orc priest barely misses you.
You hit the orc priest but do no damage.
The orc priest invokes the aid of Beogh against you.
Beogh smites you!
* * * LOW HITPOINT WARNING * * *
You barely miss the orc priest.
The orc priest invokes the aid of Beogh against you.
Beogh smites you!
You die...

##.###.#####.####
#.## ##.......... #
#..###......... .#
#.#.#..#####.##
###.# .........))..#
.#.. .........)#..#
#... #.####..).#..#
..#
#.##....)##..####o##
#.##.#.....†..).@..#
#.##.#.#......###..#
#.## #.......## ..#
..##......#.## ..#
######.###.... ..#
#.. #.##### #.#
#..#..# .# ..# #. .#


You could see an orc priest.

Vanquished Creatures
  2 black bears
  An ice beast (D:5)
  An ogre (D:4)
  2 scorpions (D:5)
  A hound (D:4)
  2 orc priests
  A jelly (D:3)
  A sleepcap (D:4)
  Terence (D:2)
  2 iguanas
  2 orc wizards (D:4)
  6 adders
  4 worms
  A dart slug (D:2)
  18 orcs
  5 endoplasms
  5 giant cockroaches
  8 goblins
  7 hobgoblins
  4 quokkas
  7 ball pythons
  6 bats
  6 frilled lizards
  8 kobolds
  7 rats
108 creatures vanquished.

Notes
Turn   | Place    | Note
-------+----------+-------------------------------------------
     0 | D:1      | Dittersdorf the Gargoyle Fighter began the quest for the
                  | Orb.
     0 | D:1      | Reached XP level 1. HP: 14/14 MP: 1/1
   156 | D:1      | Reached XP level 2. HP: 19/19 MP: 2/2
   767 | D:2      | Reached XP level 3. HP: 5/24 MP: 3/3
   966 | D:2      | Found a shimmering altar of Xom.
  1051 | D:2      | Reached XP level 4. HP: 21/29 MP: 4/4
  1606 | D:2      | Found a runed translucent door.
  1607 | D:2      | Noticed Crazy Yiuf
  1666 | D:2      | Noticed Terence
  1682 | D:2      | Killed Terence
  1946 | D:3      | Reached XP level 5. HP: 23/33 MP: 5/5
  2830 | D:4      | Noticed a black bear
  2846 | D:3      | Killed a black bear
  2847 | D:3      | Reached XP level 6. HP: 20/39 MP: 6/6
  2975 | D:4      | Found a transporter.
  2980 | D:4      | Noticed Arex's ghost (novice GrFi)
  2981 | D:4      | Found a transporter.
  3199 | D:4      | Reached skill level 5 in Fighting
  3350 | D:4      | Reached skill level 5 in Armour
  3350 | D:4      | Reached skill level 5 in Shields
  3351 | D:4      | Reached XP level 7. HP: 40/44 MP: 7/7
  3479 | D:4      | Found a white marble altar of Elyvilon.
  3492 | D:4      | Found an ancient bone altar of Kikubaaqudgha.
  3583 | D:4      | Found a shimmering altar of Xom.
  3689 | D:4      | Found a shadowy altar of Dithmenos.
  3811 | D:5      | Entered Level 5 of the Dungeon
  3814 | D:5      | Found Nuocs's Assorted Antiques.
  4141 | D:5      | Reached XP level 8. HP: 30/51 MP: 8/8
  4188 | D:5      | Killed from afar by an orc priest

Illustrated notes

Levels and vault maps discovered:
D:1:      tarquinn_simple_flora_water_f, layout_basic, minmay_misc_feat_plants,
          serial_park_tiny_1, minmay_pentomino_v4
D:2:      layout_basic, basic_altar, uniq_crazy_yiuf_cottage, uniq_terence
D:3:      layout_basic
D:4:      layout_loops_ring, grunt_dithmenos_smoke_and_mirrors,
          grunt_temple_overflow_open, gammafunk_ghost_mausoleum,
          nicolae_concentric_dashed_squares_mild
D:5:      layout_loops_ring, lemuel_tele_altar, minmay_temple_entry_trees,
          serial_shops, shop

Skill      XL: |  1  2  3  4  5  6  7 |
---------------+----------------------+-----
Shields        | 4 5 |  5.9
Fighting       | 4 5 |  5.9
Armour         | 4 5 |  5.8
Maces & Flails | 3 4 |  4.8

Action                     |  1- 3 |  4- 6 |  7- 9 || total
---------------------------+-------+-------+-------++-------
  Melee: Flail             |   113 |   230 |     1 ||   344
         Morningstar       |       |       |    76 ||    76
  Throw: Dart              |       |     2 |     3 ||     5
    Use: Scroll            |       |     1 |     2 ||     3
 Armour: Scale mail        |    84 |   189 |    56 ||   329
  Dodge: Dodged            |    56 |    92 |    39 ||   187
  Block: Buckler           |    25 |    38 |    17 ||    80

Table legend: (Time is in decaauts)
 A = Elapsed time spent in this place.
 B = Non-inter-level travel time spent in this place.
 C = Inter-level travel time spent in this place.
 D = Time resting spent in this place.
 E = Time spent auto-exploring this place.
 F = Levels seen in this place.
 G = Mean time per level.
                   A        B        C        D        E       F      G
               +--------+--------+--------+--------+--------+-----+--------+
         Total |   4307 |   4130 |    177 |    349 |   2853 |   5 |  861.4 |
       Dungeon |   4307 |   4130 |    177 |    349 |   2853 |   5 |  861.4 |
               +--------+--------+--------+--------+--------+-----+--------+

Top non-repeatable levels by time:
     D:2: 1141 daAuts
     D:3: 1045 daAuts
     D:4: 915 daAuts
     D:1: 810 daAuts
     D:5: 394 daAuts
